 Dungeon Crawl Stone Soup version 0.31-a0-865-g3d5d91748a (webtiles) character file.

Game seed: 14276115658056716751

81 kae the Chopper (level 4, -5/41 HPs)
             Began as a Hill Orc Fighter on Oct 10, 2023.
             Slain by Sigmund
             ... wielding a +0 scythe
              (10 damage)
             ... on level 2 of the Dungeon.
             The game lasted 00:00:57 (1178 turns).

kae the Chopper (Hill Orc Fighter)                  Turns: 1178, Time: 00:00:58

Health: -5/41      AC:  7    Str: 26    XL:     4   Next: 42%
Magic:  4/4        EV:  9    Int:  8    God:
Gold:   41         SH:  4    Dex: 10    Spells: 3/3 levels left

rFire   . . .        a - +1 war axe
rCold   . . .        c - +0 buckler
rNeg    . . .        b - +0 scale mail
rPois   .            (no helmet)
rElec   .            (no cloak)
rCorr   .            (no gloves)
SInv    .            (no boots)
Will    .....        (no amulet) Stlth
                     S - +6 ring of strength
HPRegen 0.26/turn    (no ring)
MPRegen 0.09/turn

%: no passive effects
@: no status effects
A: no striking features
a: no special abilities


You were on level 2 of the Dungeon.
You visited 1 branch of the dungeon, and saw 2 of its levels.

You collected 41 gold pieces.


   Skills:
 + Level 4.4 Fighting
 * Level 4.6 Axes
 + Level 3.9 Armour
 - Level 3.2 Shields


You had 3 spell levels left.
You didn't know any spells.
Your spell library was empty.

Inventory:

Hand Weapons
 a - a +1 war axe (weapon)
Missiles
 h - 9 stones
Armour
 b - a +0 scale mail (worn)
 c - a +0 buckler (worn)
Jewellery
 S - a +6 ring of strength (left hand)
   (You found it on level 1 of the Dungeon)
Scrolls
 f - a scroll of teleportation {@r4}
Potions
 d - a potion of might
 e - a potion of curing {@q1}

Dungeon Overview and Level Annotations

Branches:
Dungeon (2/15) Zot: 10783

Altars:

Annotations:
D:2 Sigmund

#......####...........
#.)......##........###
#######........##..........
#..............##..........
#......#...#...##.........
#......#...#...##........
#..............##.....
#...................#
#.............@.....#
#...........##.{.!..#
#......#######......#
#...^..# #......# ########
#......# #......# #......#
########


There were no monsters in sight!


Message History

Sigmund shouts!
Jessica says, "I'm really upset."
Sigmund laughs darkly.
Jessica casts a spell.
Jessica seems to speed up.
The endoplasm misses you.
You hit the endoplasm.
You kill the endoplasm!
Jessica mumbles some strange words.
Jessica blinks!
Jessica points at you and mumbles some strange words.
You resist with some effort.
Sigmund smiles chillingly.
Sigmund barely misses you.
You hit Sigmund.
Sigmund hits you with a +0 scythe! 😮 HP[-10]
You take 10 damage, and now have 23/33 hp.
MASSIVE DAMAGE!! (PAUSE)
You slash Jessica!
You kill Jessica!
You hit Sigmund. You block Sigmund's attack.
You have reached level 4! 😮 HP[+6] MP[+1]
You now have 41 max hp (+8).
You regained 6 hp, and now have 29/41 hp.
Your mp is fully restored (4).
As you read the scroll labelled MEVUOSSOHE, it crumbles to dust.
It is a scroll of identify.
You don't currently have any unidentified items.
As you read the scroll of teleportation {@r4}, it crumbles to dust.
You feel strangely unstable.
Sigmund hits you with a +0 scythe! 😮 HP[-7]
You take 7 damage, and now have 22/41 hp.
You closely miss Sigmund. You block Sigmund's attack. 😮 HP[+1]
You hit Sigmund. Sigmund casts a spell at you. The magic dart hits you.
* * * LOW HITPOINT WARNING * * *
😨 HP[-4]
You take 4 damage, and now have 19/41 hp.
Unknown command.
You closely miss Sigmund.
Your surroundings suddenly seem different.
You start resting. 😕 HP[+15]
You regained 15 hp, and now have 34/41 hp.
You start resting. 😎 HP[+7]
Your hp is fully restored (41).
You now have 41 gold pieces (gained 13).
Sigmund shouts!
Sigmund is nearby!
Sigmund is nearby!
You aren't carrying any items that you can evoke.
Okay, then.
Sigmund hits you with a +0 scythe!
You completely miss Sigmund.
Sigmund casts a spell.
Sigmund flickers and vanishes!
Deactivating autopickup; reactivate with Ctrl-A. 😕 HP[-8]
You take 8 damage, and now have 33/41 hp.
No target in view!
No target in view!
No target in view!
No target in view!
You barely miss something. Something hits you! 😮 HP[-8]
You take 8 damage, and now have 25/41 hp.
You miss something. Something hits you but does no damage.
Unknown command.
You hit something. Something hits you!
* * * LOW HITPOINT WARNING * * *
😨 HP[-8]
You take 8 damage, and now have 17/41 hp.
You miss something. Something hits you.
* * * LOW HITPOINT WARNING * * *
😨 HP[-1]
You take 1 damage, and now have 16/41 hp.
Unknown command.
You slash something!
You hear some strange, mumbled words.
A magic dart appears from out of thin air!
The magic dart hits you.
* * * LOW HITPOINT WARNING * * *
😨 HP[-5]
You take 5 damage, and now have 11/41 hp.
You hit something but do no damage. Something hits you.
* * * LOW HITPOINT WARNING * * *
😱 HP[-5]
You take 5 damage, and now have 6/41 hp.
Unknown command.
You miss something. Something hits you.
* * * LOW HITPOINT WARNING * * *
😱 HP[-1]
You take 1 damage, and now have 5/41 hp.
Unknown command.
You slash something! Something hits you!
You die...

Skill      XL: |  1  2  3 |
---------------+----------+-----
Axes           | 3 4 |  4.6
Fighting       | 4 |  4.4
Armour         | |  3.9
Shields        | |  3.2

Action                     |  1- 3 |  4- 6 || total
---------------------------+-------+-------++-------
  Melee: War axe           |    91 |    12 ||   103
    Use: Scroll            |     2 |     2 ||     4
         Potion            |     2 |       ||     2
 Armour: Scale mail        |    58 |    11 ||    69
  Dodge: Dodged            |    31 |       ||    31
  Block: Buckler           |    15 |     1 ||    16

Levels and vault maps discovered:
D:1:      lightli_arrival_boilingwater, layout_basic,
          nicolae_kite_square_tiling_tiny, roderic_roman_lattice,
          minmay_pentomino_q4
D:2:      layout_basic, ebering_ecumenical_altar_mist, uniq_natasha,
          uniq_sigmund, uniq_jessica

Notes
Turn   | Place    | Note
-------+----------+-------------------------------------------
     0 | D:1      | kae the Hill Orc Fighter began the quest for the Orb.
     0 | D:1      | Reached XP level 1. HP: 19/19 MP: 1/1
     0 | D:1      | magus.rc [v1.11.3]
    55 | D:1      | Reached skill level 3 in Axes
    63 | D:1      | Reached XP level 2. HP: 27/27 MP: 2/2
   303 | D:1      | Reached skill level 4 in Fighting
   315 | D:1      | Reached XP level 3. HP: 33/33 MP: 3/3
   868 | D:1      | Reached skill level 4 in Axes
  1044 | D:2      | Noticed Jessica
  1044 | D:2      | Noticed Sigmund
  1050 | D:2      | Killed Jessica
  1051 | D:2      | Reached XP level 4. HP: 29/41 MP: 4/4
  1176 | D:2      | HP: 6/41 [something (5)]
  1178 | D:2      | Slain by Sigmund

Vanquished Creatures
  Jessica (D:2)
  An adder (D:2)
  A dart slug (D:1)
  11 endoplasms
  2 giant cockroaches
  4 goblins
  3 hobgoblins (D:1)
  2 kobolds (D:1)
  2 quokkas
  2 ball pythons (D:1)
  4 bats
  5 frilled lizards
  3 rats
41 creatures vanquished.

Table legend:
 A = Non-vault XP
 B = Vault XP
 C = Vault XP percentage of total XP
 D = Non-vault monster count
 E = Vault monster count
 F = Vault count percentage of total count
                 A         B        C        D         E       F
            +---------+---------+-------+---------+---------+-------
      Total |      77 |      40 |  34.2 |      38 |       3 |   7.3
            +---------+---------+-------+---------+---------+-------
        D:1 |      47 |       3 |   6.0 |      26 |       2 |   7.1
        D:2 |      30 |      37 |  55.2 |      12 |       1 |   7.7
            +---------+---------+-------+---------+---------+-------

Skill      XL: |  1  2  3 |
---------------+----------+-----
Axes           | 3 4 |  4.6
Fighting       | 4 |  4.4
Armour         | |  3.9
Shields        | |  3.2

Action                     |  1- 3 |  4- 6 || total
---------------------------+-------+-------++-------
  Melee: War axe           |    91 |    12 ||   103
    Use: Scroll            |     2 |     2 ||     4
         Potion            |     2 |       ||     2
 Armour: Scale mail        |    58 |    11 ||    69
  Dodge: Dodged            |    31 |       ||    31
  Block: Buckler           |    15 |     1 ||    16

Illustrated notes

Table legend:
 A = Kills in this place as a percentage of kills in the entire game.
 B = Kills by you in this place as a percentage of kills by you in the entire game.
 C = Kills by friends in this place as a percentage of kills by friends in the entire game.
 D = Other kills in this place as a percentage of other kills in the entire game.
 E = Experience gained in this place as a percentage of experience gained in the entire game.
 F = Experience gained in this place divided by the number of levels of this place that you have seen.
                   A       B       C       D       E      F
               +-------+-------+-------+-------+-------+----------------------
         Total | 100.0 | 100.0 |   N/A |   N/A | 100.0 |  58.5
       Dungeon | 100.0 | 100.0 |   N/A |   N/A | 100.0 |  58.5
               +-------+-------+-------+-------+-------+----------------------

Table legend: (Time is in decaauts)
 A = Elapsed time spent in this place.
 B = Non-inter-level travel time spent in this place.
 C = Inter-level travel time spent in this place.
 D = Time resting spent in this place.
 E = Time spent auto-exploring this place.
 F = Levels seen in this place.
 G = Mean time per level.
                   A        B        C        D        E       F      G
               +--------+--------+--------+--------+--------+-----+--------+
         Total |   1215 |   1211 |      4 |     82 |    865 |   2 |  607.5 |
       Dungeon |   1215 |   1211 |      4 |     82 |    865 |   2 |  607.5 |
               +--------+--------+--------+--------+--------+-----+--------+

Top non-repeatable levels by time:
     D:1: 897 daAuts
     D:2: 318 daAuts
